 Dungeon Crawl Stone Soup version 0.31-a0-237-g2d982f9f85 (webtiles) character file.

Game seed: 6623214692067051733

70 qw the Shooter (level 4, -3/26 HPs)
             Began as a Gargoyle Hexslinger on July 11, 2023.
             Killed by divine providence
             ... invoked by an orc priest
              (10 damage)
             ... on level 3 of the Dungeon.
             The game lasted 00:00:43 (1329 turns).

qw the Shooter (Gargoyle Hexslinger)                Turns: 1329, Time: 00:00:43

Health: -3/26      AC:  9    Str: 11    XL:     4   Next: 22%
Magic:  5/5        EV: 15    Int: 14    God:
Gold:   163        SH:  0    Dex: 14    Spells: 4/5 levels left

rFire   . . .        Y - +1 sling
rCold   . . .        (no shield)
rNeg    + . .        e - +0 ring mail
rPois   inf          (no helmet)
rElec   +            h - +0 cloak
rCorr   .            (no gloves)
SInv    .            (no boots)
Will    .....        k - amulet of regeneration
Stlth   +            b - +5 ring of evasion
HPRegen 1.04/turn    (no ring)
MPRegen 0.09/turn

%: no passive effects
@: about to teleport
A: sickness immunity, AC +3, negative energy resistance 1, electricity
resistance, torment resistance 1, petrification resistance
a: no special abilities


You were on level 3 of the Dungeon.
You visited 1 branch of the dungeon, and saw 3 of its levels.

You collected 163 gold pieces.


Innate Abilities, Weirdness & Mutations

You are immune to sickness and miasma.
Your stone body is resilient. (AC +3)
You are immune to poison.
You resist negative energy. (rN+)
You are resistant to electric shocks. (rElec)
You are resistant to unholy torment.
You are immune to petrification.


   Skills:
 - Level 2.0 Fighting
 + Level 3.8 Ranged Weapons
 - Level 1.1 Armour
 - Level 1.5 Dodging
 - Level 1.0 Spellcasting
 - Level 2.6 Hexes


You had 4 spell levels left.
You knew the following spells:

 Your Spells              Type           Power      Damage    Failure   Level
a - Slow                  Hex            32%        N/A       21%         1

Your spell library contained the following spells:

 Spells                   Type           Power      Damage    Failure   Level
 Inner Flame              Hex/Fire       4%         N/A       71%         3
 Portal Projectile        Hex/Tloc       8%         N/A       71%         3
 Cause Fear               Hex            4%         N/A       90%         4

Inventory:

Hand Weapons
 Y - a +1 sling (weapon)
Armour
 e - a +0 ring mail (worn)
 h - a +0 cloak (worn)
Jewellery
 b - a +5 ring of evasion (left hand)
 k - an amulet of regeneration (around neck)
Scrolls
 a - a scroll of identify
Potions
 c - a potion of heal wounds {unknown}
 d - a potion of berserk rage {unknown}
 g - a potion of degeneration {unknown}
 i - a potion of ambrosia {unknown}
 j - a potion of brilliance {unknown}

Dungeon Overview and Level Annotations

Branches:
Dungeon (3/15)

Altars:

Shops:
D:2 =


Message History

You shoot a sling bullet. The sling bullet hits the orc.
You kill the orc!
You shoot a sling bullet. The sling bullet hits the orc priest.
The orc priest is lightly wounded.
The orc priest looks braver for a moment.
You shoot a sling bullet. The sling bullet hits the orc priest.
The orc priest is moderately wounded.
The orc priest casts a cantrip, but nothing happens.
You shoot a sling bullet.
The sling bullet closely misses the orc priest.
The sling bullet barely misses the orc priest.
The orc priest calls upon Beogh to heal the orc priest.
The orc priest's wounds heal themselves!
The orc priest looks braver for a moment.
You shoot a sling bullet.
The sling bullet hits the orc priest but does no damage.
The orc priest closely misses you.
You shoot a sling bullet. The sling bullet hits the orc priest.
The orc priest is lightly wounded.
The orc priest mumbles some strange prayers to Beogh against you.
Beogh smites you!
You shoot a sling bullet.
The sling bullet barely misses the orc priest.
The orc priest calls down the wrath of Beogh upon you.
Beogh smites you!
The orc priest hits you but does no damage.
The orc priest miscasts a cantrip.
The orc priest mumbles some strange prayers to Beogh against you.
Pain shoots through your body!
1328 ||| READING scroll of teleportation.
As you read the scroll of teleportation, it crumbles to dust.
You feel strangely unstable. The orc priest misses you.
The orc priest closely misses you.
You shoot a sling bullet.
The sling bullet hits the orc priest but does no damage.
The orc priest is lightly wounded.
The orc priest hits you but does no damage.
The orc priest mumbles some strange prayers to Beogh against you.
Beogh smites you!
You die...

([. .# ... ..#
#####'#####.###
#..............
#......)....#
#.#.......)...#
####.#...........#
#....#.........oo#
#....#..........@#
#....#####%#######
#....# #.#
#....#####.#
#..........#
#....##########
#.............#
#....########.#
##+#.#...<#..)#


You could see 2 orc priests.

Vanquished Creatures
  An adder (D:3)
  A worm (D:2)
  2 dart slugs
  2 orcs (D:3)
  2 ball pythons (D:1)
  3 bats
  4 endoplasms
  2 giant cockroaches
  7 goblins
  5 hobgoblins
  5 quokkas
  2 frilled lizards
  5 kobolds
  5 rats
46 creatures vanquished.

Notes
Turn   | Place    | Note
-------+----------+-------------------------------------------
     0 | D:1      | qw the Gargoyle Hexslinger began the quest for the Orb.
     0 | D:1      | Reached XP level 1. HP: 12/12 MP: 2/2
     0 | D:1      | 0 ||| qw: Version: 0.3-a-52-g30416fa
     0 | D:1      | 0 ||| qw: Game counter: 5780
     0 | D:1      | 0 ||| qw: Melee chars always use a shield: true
     0 | D:1      | 0 ||| qw: God list: Okawaru
     0 | D:1      | 0 ||| qw: Allow faded altars: false
     0 | D:1      | 0 ||| qw: Do Orc after clearing Dungeon:15 true
     0 | D:1      | 0 ||| qw: Do second Lair branch before Depths: true
     0 | D:1      | 0 ||| qw: Lair rune preference: random
     0 | D:1      | 0 ||| qw: Goals: Normal
     0 | D:1      | 0 ||| PLANNING D:1-11
   119 | D:1      | Reached XP level 2. HP: 16/16 MP: 3/3
   237 | D:1      | Reached skill level 3 in Ranged Weapons
   421 | D:1      | Found a faded altar of an unknown god.
   650 | D:1      | 650 ||| UPGRADING to +0 ring mail.
   660 | D:1      | 660 ||| DROPPING +0 robe.
   661 | D:1      | 661 ||| READING scroll labelled OHOED OSOQOSUNK.
   662 | D:1      | 662 ||| DROPPING scroll of poison.
   673 | D:2      | Reached XP level 3. HP: 21/21 MP: 4/4
   674 | D:2      | 674 ||| STAIRDANCE
   725 | D:2      | Found Fibimuol's Jewellery Shoppe.
   731 | D:2      | 731 ||| SHOPLISTING amulet of regeneration (330 gold, have
                  | 102).
   731 | D:2      | 731 ||| SHOPLISTING ring "Myulumanyu" {Will+ Int+3} (421
                  | gold, have 102).
   731 | D:2      | 731 ||| SHOPLISTING ring of Vul Cob {rF+ rC- rN+ Will++
                  | EV+5} (673 gold, have 102).
   731 | D:2      | 731 ||| SHOPLISTING ring of Yesterday {rC+ Will+ Slay+2}
                  | (506 gold, have 102).
   731 | D:2      | 731 ||| SHOPLISTING ring of ice (275 gold, have 102).
   731 | D:2      | 731 ||| SHOPLISTING ring of protection from cold (275 gold,
                  | have 102).
   772 | D:2      | 772 ||| FLEEEEING.
   773 | D:2      | 773 ||| FLEEEEING.
   774 | D:2      | 774 ||| FLEEEEING.
   775 | D:2      | 775 ||| FLEEEEING.
   776 | D:2      | 776 ||| FLEEEEING.
   777 | D:2      | 777 ||| FLEEEEING.
   778 | D:2      | 778 ||| FLEEEEING.
   779 | D:2      | 779 ||| FLEEEEING.
   780 | D:2      | 780 ||| FLEEEEING.
   781 | D:2      | 781 ||| FLEEEEING.
   782 | D:2      | 782 ||| FLEEEEING.
   783 | D:2      | 783 ||| FLEEEEING.
   784 | D:2      | 784 ||| FLEEEEING.
   785 | D:2      | 785 ||| FLEEEEING.
   786 | D:2      | 786 ||| FLEEEEING.
   787 | D:2      | 787 ||| FLEEEEING.
   788 | D:2      | 788 ||| FLEEEEING.
   789 | D:2      | 789 ||| FLEEEEING.
   790 | D:2      | 790 ||| FLEEEEING.
   791 | D:2      | 791 ||| FLEEEEING.
   792 | D:2      | 792 ||| FLEEEEING.
   793 | D:2      | 793 ||| STAIRDANCE
   821 | D:1      | 821 ||| READING 2 scrolls labelled PIUMEFFETWO.
   822 | D:1      | 822 ||| READING scroll labelled FIETAI YNGU.
   850 | D:2      | 850 ||| STAIRDANCE
  1220 | D:2      | 1220 ||| UPGRADING to +0 cloak.
  1225 | D:2      | 1225 ||| UPGRADING to amulet of regeneration.
  1230 | D:2      | 1230 ||| UPGRADING to +5 ring of evasion.
  1298 | D:3      | Reached skill level 1 in Armour
  1298 | D:3      | Reached XP level 4. HP: 26/26 MP: 5/5
  1327 | D:3      | HP: 5/26 [orc priest/nerve-wracking pain (2)]
  1328 | D:3      | 1328 ||| READING scroll of teleportation.
  1329 | D:3      | Killed from afar by an orc priest

Levels and vault maps discovered:
D:1:      matt_arrival_grand_opening, layout_basic,
          ebering_ecumenical_altar_ruins, nicolae_figureground_pulse
D:2:      layout_rooms, serial_shops, nicolae_shop_stone,
          minmay_misc_feat_more_columns, nicolae_twisty_statue_hallways
D:3:      layout_basic, overflow_temple_1_default, fedhas_altar_4

Skill      XL: |  1  2  3 |
---------------+----------+-----
Ranged Weapons | 3 |  3.8
Fighting       | 2 |  2.0
Armour         | 1 |  1.1
Dodging        | |  1.5
Spellcasting   | |  1.0
Hexes          | |  2.6

Action                     |  1- 3 |  4- 6 || total
---------------------------+-------+-------++-------
   Fire: Sling             |   121 |    21 ||   142
    Use: Scroll            |     3 |     1 ||     4
 Armour: Robe              |     1 |       ||     1
         Ring mail         |    27 |     5 ||    32
  Dodge: Dodged            |    43 |     5 ||    48

Table legend:
 A = Non-vault XP
 B = Vault XP
 C = Vault XP percentage of total XP
 D = Non-vault monster count
 E = Vault monster count
 F = Vault count percentage of total count
                 A         B        C        D         E       F
            +---------+---------+-------+---------+---------+-------
      Total |     101 |       0 |   0.0 |      46 |       0 |   0.0
            +---------+---------+-------+---------+---------+-------
        D:1 |      40 |       0 |   0.0 |      23 |       0 |   0.0
        D:2 |      35 |       0 |   0.0 |      17 |       0 |   0.0
        D:3 |      26 |       0 |   0.0 |       6 |       0 |   0.0
            +---------+---------+-------+---------+---------+-------
